 Dungeon Crawl Stone Soup version 0.17.0-23-g0de4337 (webtiles) character file.

14991 Peloso the Blocker (level 11, -6/101 HPs)
             Began as a Minotaur Fighter on Nov 14, 2015.
             Was a High Priest of Okawaru.
             Mangled by a death yak simulacrum (30 damage)
             ... in an ice cave.
             The game lasted 00:38:18 (9905 turns).

Peloso the Blocker (Minotaur Fighter)               Turns: 9905, Time: 00:38:18

Health: -6/101     AC: 21    Str: 30    XL:     11   Next: 96%
Magic:  10/10      EV: 10    Int:  5    God:    Okawaru [*****.]
Gold:   556        SH: 14    Dex: 12    Spells: 0 memorised, 10 levels left

rFire  . . .     SeeInvis .     S - +4 scimitar (elec)
rCold  . . .     Clarity  .     O - +0 plate armour
rNeg   + . .     SustAt   .     c - +0 shield
rPois  +         Gourm    +     (helmet restricted)
rElec  .         Spirit   .     (no cloak)
rCorr  .         Warding  .     y - +2 pair of gloves {Str+3}
rMut   .         Stasis   .     G - +2 pair of boots
MR     .....                    C - amulet "Iwnyiwke" {Gourm rN+}
Stlth  ..........               A - ring of poison resistance
                                (no ring)

@: mighty, not resistant to hostile enchantments, extremely unstealthy
A: retaliatory headbutt, claws 1, horns 2
a: Heroism, Finesse, Renounce Religion


You were in an ice cave.
You worshipped Okawaru.
Okawaru was extremely pleased with you.
You were completely stuffed.

You visited 3 branches of the dungeon, and saw 13 of its levels.
You also visited: Ossuary and Ice Cave.

You collected 677 gold pieces.
You spent 121 gold pieces at shops.

Inventory:

Hand Weapons
 a - a +1 long sword
 w - the +4 Vampire's Tooth {vamp}
   (You took it off an orc on level 5 of the Dungeon)

   It inflicts no extra harm, but heals its wielder somewhat when it strikes a
   living foe.
 S - a +4 scimitar of electrocution (weapon)
Armour
 c - a +0 shield (worn)
 l - a +0 pair of boots
 y - a +2 pair of gloves of strength (worn)
 G - a +2 pair of boots (worn)
 O - a +0 plate armour (worn)
Jewellery
 f - an uncursed ring of protection from fire
 n - an uncursed ring of wizardry
 t - an uncursed ring of protection from fire
 v - an uncursed amulet of resist corrosion
 A - a ring of poison resistance (right hand)
 C - the amulet "Iwnyiwke" (around neck) {Gourm rN+}
   (You found it on level 4 of the Dungeon)

   [amulet of the gourmand]

   It allows you to eat raw meat even when not hungry.
   It protects you from negative energy.
Wands
 D - a wand of flame (35)
 F - a wand of fire (15)
 J - a wand of draining (7)
 U - a wand of paralysis (19)
 W - a wand of cold (5)
Scrolls
 g - 6 scrolls of identify
 h - 2 scrolls of teleportation
 k - a scroll of fear
 q - 4 scrolls of remove curse
 s - 3 scrolls of enchant weapon
 H - a scroll of blinking
 I - a scroll of amnesia
Potions
 d - 4 potions of might
 i - a potion of heal wounds
 j - 9 potions of curing
 m - 4 potions of cancellation
 r - 3 potions of haste
 x - 4 potions of berserk rage {unknown}
 z - a potion of lignification {unknown}
 B - 3 potions of poison {unknown}
 K - 2 potions of invisibility {unknown}
 L - a potion of mutation {unknown}
 M - 4 potions of flight {unknown}
 P - 2 potions of brilliance {unknown}
 T - 2 potions of degeneration {unknown}
 X - 2 potions of cure mutation {unknown}
Books
 E - a book of the Sky

   Spells                             Type                      Level
   a - Summon Lightning Spire         Summoning/Air                4
   b - Airstrike                      Air                          4
   c - Silence                        Hexes/Air                    5
   d - Deflect Missiles               Charms/Air                   6
   e - Conjure Ball Lightning         Conjuration/Air              6
   f - Tornado                        Air                          9
 R - a book of Envenomations

   Spells                             Type                      Level
   a - Spider Form                    Transmutation/Poison         3
   b - Alistair's Intoxication        Transmutation/Poison         4
   c - Olgreb's Toxic Radiance        Poison                       4
   d - Poisonous Cloud                Conjuration/Poison/Air       6
Comestibles
 b - a chunk of flesh
 e - 7 bread rations
 o - 3 meat rations
 p - a beef jerky


   Skills:
 + Level 10.5 Fighting
 + Level 12.0 Long Blades
 + Level 9.8 Armour
 + Level 6.8 Dodging
 + Level 1.5 Stealth
 + Level 12.7 Shields
 + Level 1.0 Invocations


You had 10 spell levels left.
You didn't know any spells.

Dungeon Overview and Level Annotations

Branches:
Dungeon (11/15)            Temple (1/1) D:7            Lair (1/8) D:11
    Orc (0/4) D:10

Altars:
Ashenzari
Dithmenos
Fedhas
Gozag
Kikubaaqudgha
Makhleb
Nemelex Xobeh
Okawaru
Qazlal
Ru
Trog
Vehumet
Xom
Yredelemnul
Zin
The Shining One

Shops:
D:4 %*   D:9 [*%**   D:10 %   D:11 :


Innate Abilities, Weirdness & Mutations

You reflexively headbutt those who attack you in melee.
You have a pair of horns on your head.
You have sharp fingernails.


Message History

You block the death yak simulacrum's attack.
Unknown command.
You completely miss the death yak simulacrum.
Unknown command.
You hit the death yak simulacrum. The death yak simulacrum gores you.
The death yak simulacrum freezes you!!!
* * * LOW HITPOINT WARNING * * *
You block the death yak simulacrum's attack.
Unknown command.
Drink which item? (? for menu, Esc to quit)
You feel much better.
You block the death yak simulacrum's attack.
The elephant simulacrum closely misses you.
The elephant simulacrum trunk-slaps you but does no damage.
You block the death yak simulacrum's attack.
You slash the death yak simulacrum! You headbutt the death yak simulacrum!
The death yak simulacrum gores you.
* * * LOW HITPOINT WARNING * * *
The death yak simulacrum freezes you!!
You die...

#### ##.@##
##.ZZZ###
#.......##..
#.∩.∩.......
#..........#
##....##..##
##..## ###
####


You could see 2 death yak simulacra and an elephant simulacrum.

Vanquished Creatures
  The ghost of donomii the Basher, a novice OgAs of Gozag (D:7)
  The ghost of alpinistek the Chopper, a novice NaIE of Vehumet (D:8)
  2 hill giants
  A manticore (D:11)
  A kobold demonologist (D:8)
  A fire drake (D:11)
  3 trolls
  A two-headed ogre (D:9)
  A wyvern (D:10)
  20 yaks
  Grum (D:8)
  2 wolves (D:8)
  A hungry ghost (D:7)
  Menkaure (D:6)
  2 hippogriffs
  A water moccasin (D:8)
  Duvessa (D:4)
  4 orc warriors
  2 ice beasts (D:10)
  4 black bears
  5 sky beasts
  A necrophage (D:7)
  3 centaurs
  12 ogres
  A phantom (D:11)
  A crocodile (D:7)
  7 big kobolds
  11 giant frogs
  Dowan (D:4)
  3 killer bees (D:11)
  3 scorpions
  A swamp dragon simulacrum (IceCv)
  6 crimson imps
  4 hounds
  A quasit (D:9)
  2 centaur zombies
  3 giant frog skeletons
  2 jellies (D:9)
  10 orc priests
  5 orc wizards
  12 worker ants
  6 iguanas
  A gnoll shaman (D:5)
  A killer bee zombie (D:5)
  2 hound zombies
  4 hound skeletons
  4 mummies
  Robin (D:3)
  5 gnolls
  20 adders
  8 shadow imps
  12 white imps (Lair:1)
  An ooze (D:3)
  5 adder zombies
  A worm (D:2)
  3 adder skeletons
  10 giant geckos
  39 orcs
  A ball python (D:3)
  13 goblins
  7 hobgoblins
  6 quokkas
  6 bats
  4 giant cockroaches
  2 giant gecko skeletons
  7 giant newts
  4 goblin zombies (Ossuary)
  3 hobgoblin zombies (Ossuary)
  14 jackals
  14 kobolds
  A kobold zombie (Ossuary)
  A quokka skeleton (D:6)
  2 quokka zombies (Ossuary)
  13 rats
  4 rat zombies (Ossuary)
370 creatures vanquished.

Vanquished Creatures (others)
  A bush (D:6)
1 creature vanquished.

Grand Total: 371 creatures vanquished

Notes
Turn   | Place    | Note
--------------------------------------------------------------
     0 | D:1      | Peloso the Minotaur Fighter began the quest for the Orb.
     0 | D:1      | Reached XP level 1. HP: 19/19 MP: 0/0
   118 | D:1      | Reached XP level 2. HP: 24/27 MP: 1/1
   166 | D:1      | Reached skill level 4 in Armour
   349 | D:1      | Found a sparkling altar of Nemelex Xobeh.
   413 | D:1      | Reached XP level 3. HP: 33/33 MP: 2/2
   786 | D:2      | Found a blossoming altar of Fedhas.
   821 | D:2      | Found a stormy altar of Qazlal.
   892 | D:2      | Reached XP level 4. HP: 24/40 MP: 3/3
   981 | D:2      | Found a faded altar to an unknown god.
  1293 | D:3      | Reached skill level 1 in Dodging
  1306 | D:3      | Reached XP level 5. HP: 43/47 MP: 4/4
  1388 | D:3      | Noticed Robin
  1403 | D:3      | Killed Robin
  1507 | D:3      | Reached skill level 5 in Armour
  1587 | D:3      | Reached skill level 5 in Shields
  2115 | D:4      | Reached XP level 6. HP: 44/55 MP: 5/5
  2363 | D:4      | Noticed Duvessa
  2363 | D:4      | Noticed Dowan
  2367 | D:4      | Killed Dowan
  2382 | D:4      | Killed Duvessa
  2382 | D:4      | Reached skill level 5 in Fighting
  2636 | D:4      | Found Qaumoh's General Store.
  2675 | D:4      | Got a crude silver amulet
  2905 | D:4      | Found a glowing silver altar of Zin.
  2908 | D:4      | Found a glowing golden altar of the Shining One.
  2976 | D:4      | Found Tinowkaill's Food Emporium.
  2988 | D:4      | Reached XP level 7. HP: 61/61 MP: 6/6
  3210 | D:5      | Entered Level 5 of the Dungeon
  3257 | D:5      | Reached skill level 6 in Shields
  3730 | D:5      | Reached skill level 5 in Long Blades
  3990 | D:5      | Reached XP level 8. HP: 70/70 MP: 7/7
  4059 | D:5      | Reached skill level 7 in Shields
  4731 | D:6      | Reached skill level 5 in Dodging
  4823 | D:6      | Reached skill level 8 in Shields
  4899 | D:6      | Reached XP level 9. HP: 75/78 MP: 8/8
  5026 | D:6      | Noticed Menkaure
  5032 | D:6      | Killed Menkaure
  5345 | D:7      | Found a staircase to the Ecumenical Temple.
  5354 | Temple   | Entered the Ecumenical Temple
  5358 | Temple   | Became a worshipper of Warmaster Okawaru
  5418 | D:7      | Found an ancient bone altar of Kikubaaqudgha.
  5478 | D:7      | Found a sand-covered staircase.
  5486 | Ossuary  | Entered an ossuary
  5738 | D:7      | Noticed donomii's ghost (novice OgAs)
  5761 | D:7      | Killed donomii's ghost
  5761 | D:7      | Reached * piety under Okawaru
  5761 | D:7      | Reached skill level 1 in Stealth
  5761 | D:7      | Reached skill level 9 in Shields
  5999 | D:7      | Reached ** piety under Okawaru
  6251 | D:7      | Reached XP level 10. HP: 88/88 MP: 9/9
  6410 | D:8      | Reached skill level 10 in Shields
  6503 | D:8      | Gained mutation: You have sharp fingernails. [potion of beneficial mutation]
  6672 | D:8      | Noticed a hill giant
  6674 | D:8      | Noticed alpinistek's ghost (novice NaIE)
  6687 | D:8      | Killed a hill giant
  6708 | D:8      | Killed alpinistek's ghost
  6708 | D:8      | Reached *** piety under Okawaru
  6736 | D:8      | Identified the amulet "Iwnyiwke" {Gourm rN+} (You found it on level 4 of the Dungeon)
  7119 | D:8      | Noticed Grum
  7135 | D:8      | Killed Grum
  7273 | D:9      | Reached **** piety under Okawaru
  7280 | D:9      | Reached skill level 11 in Shields
  7304 | D:9      | Reached skill level 1 in Invocations
  7335 | D:9      | Reached skill level 10 in Long Blades
  7408 | D:9      | Found Laosotz's Assorted Antiques.
  7611 | D:9      | Found Zekaehad's Antique Armour Shop.
  7635 | D:9      | Reached XP level 11. HP: 85/97 MP: 10/10
  7694 | D:9      | Bought a pair of embroidered boots for 121 gold pieces
  7722 | D:9      | Found Huom's Assorted Antiques.
  7764 | D:9      | Found Likaot's Assorted Antiques.
  7777 | D:9      | Reached ***** piety under Okawaru
  7991 | D:9      | Found Cadghixia's Food Boutique.
  8059 | D:10     | Entered Level 10 of the Dungeon
  8117 | D:10     | Found a staircase to the Orcish Mines.
  8495 | D:10     | Received a gift from Okawaru
  8506 | D:10     | Found Cib Osef's Food Boutique.
  9050 | D:10     | Reached skill level 12 in Shields
  9379 | D:10     | Reached skill level 10 in Fighting
  9471 | D:11     | Received a gift from Okawaru
  9522 | D:11     | Found Festialo's Book Boutique.
  9547 | D:11     | Noticed a five-headed hydra
  9578 | D:11     | Noticed a hill giant
  9582 | D:11     | Killed a hill giant
  9800 | D:11     | Found a staircase to the Lair.
  9820 | Lair:1   | Entered Level 1 of the Lair of Beasts
  9853 | Lair:1   | Found a frozen archway.
  9891 | IceCv    | Entered an ice cave
  9905 | IceCv    | Mangled by a death yak simulacrum

Action                   |  1- 3 |  4- 6 |  7- 9 | 10-12 || total
-------------------------+-------+-------+-------+-------++-------
Melee: Long sword        |    84 |   189 |   406 |   381 ||  1060
       Scimitar          |       |       |       |   227 ||   227
Invok: Heroism           |       |       |       |     1 ||     1
  Use: Scroll            |       |       |    13 |     7 ||    20
       Potion            |       |       |       |     5 ||     5
  Eat: Chunk             |       |     7 |    10 |    28 ||    45
       Beef jerky        |       |       |     1 |       ||     1
